 Dungeon Crawl Stone Soup version 0.20-a0-370-gd6af2a4 (webtiles) character file.

482570 Da5id the Metallomancer (level 24, -2/160 HPs)
             Began as a Gargoyle Monk on Dec 27, 2016.
             Was an Elder of the Shining One.
             Splashed by an acid blob's acid (6 damage)
             ... created by the Royal Jelly
             ... on level 5 of the Pits of Slime on Dec 28, 2016.
             The game lasted 02:53:17 (63793 turns).

Da5id the Metallomancer (Gargoyle Monk)            Turns: 63793, Time: 02:53:18

Health: -2/160     AC: 41    Str: 25    XL:     24   Next: 89%
Magic:  21/44      EV: 16    Int: 29    God:    the Shining One [****..]
Gold:   371        SH:  7    Dex: 10    Spells: 18/47 levels left

rFire  + + +     SeeInvis +     b - +9 eveningstar of Riw Xugu {protect, rC+ MR+ Int+4}
rCold  + . .     Gourm    +     D - +0 acid dragon scales
rNeg   + + +     Faith    .     I - +3 warlock's mirror {reflect}
rPois  ∞         Spirit   .     k - +3 crown of Dyrovepreva {rElec Int+2 SInv}
rElec  +         Reflect  +     M - +2 cloak
rCorr  +         Harm     .     U - +1 pair of gloves {Str+3}
MR     ++++.                    v - +2 pair of boots {Stlth+}
Stlth  +.........               g - amulet of Gainasiwn {Gourm rF++}
                                R - ring "Ojenlouw" {rF+ MP+9 Int+4 Slay+2}
                                O - ring of the Mage {Wiz MR++ Int+3}

@: flying, glowing, studying Ice Magic
A: big wings, yellow scales 1, clumsy 1, low mp 1, negative energy resistance 1,
electricity resistance, unbreathing, petrification resistance, rot immunity, AC
+17
}: 2/15 runes: decaying, gossamer
a: Stop Flying, Divine Shield, Cleansing Flame, Renounce Religion


You were on level 5 of the Pits of Slime.
You worshipped the Shining One.
The Shining One was greatly pleased with you.
You were very hungry.

You visited 9 branches of the dungeon, and saw 46 of its levels.
You also visited: Trove and Volcano.

You collected 5523 gold pieces.
You spent 5152 gold pieces at shops.

Inventory:

Hand Weapons
 a - the +11 hunting sling of the Unliving {velocity, MR+ Int+4 Dex+2}
   (You found it on level 4 of the Dungeon)

   Any stone fired from it inflicts extra damage.
   It affects your intelligence (+4).
   It affects your dexterity (+2).
   It affects your resistance to hostile enchantments.
 b - the +9 eveningstar of Riw Xugu (weapon) {protect, rC+ MR+ Int+4}
   (You found it in a treasure trove)

   It protects the one who uses it against injury (+AC on strike).
   It affects your intelligence (+4).
   It protects you from cold.
   It affects your resistance to hostile enchantments.
 Y - a +1 eveningstar of holy wrath
Missiles
 y - 371 stones (quivered)
 K - 103 sling bullets
Armour
 k - the +3 crown of Dyrovepreva (worn) {rElec Int+2 SInv}
   (You bought it in a shop on level 2 of the Vaults)

   It affects your intelligence (+2).
   It insulates you from electricity.
   It lets you see invisible.
 n - the +3 ring mail "Ethouh" {MR+}
   (You found it on level 2 of the Vaults)

   It affects your resistance to hostile enchantments.
 v - a +2 pair of boots of stealth (worn)
 D - +0 acid dragon scales (worn)
 I - the +3 warlock's mirror (worn) {reflect}
   (You bought it in a shop on level 2 of the Orcish Mines)
 M - a +2 cloak (worn)
 U - a +1 pair of gloves of strength (worn)
Magical Staves
 d - an uncursed staff of earth
Jewellery
 e - an uncursed amulet of guardian spirit
 g - the amulet of Gainasiwn (around neck) {Gourm rF++}
   (You bought it in a shop on level 1 of the Depths)

   [amulet of the gourmand]

   It allows you to eat raw meat even when not hungry.
   It greatly protects you from fire.
 q - the ring of the Lonely Demons {rF+ MP+9 Str+7}
   (You found it in a treasure trove)

   [ring of magical power]

   It affects your strength (+7).
   It protects you from fire.
   It affects your magic capacity (+9).
 O - the ring of the Mage (left hand) {Wiz MR++ Int+3}
   (You found it on level 3 of the Elven Halls)

   [ring of wizardry]

   It improves your spell success rate.
   It affects your intelligence (+3).
   It affects your resistance to hostile enchantments.
 R - the ring "Ojenlouw" (right hand) {rF+ MP+9 Int+4 Slay+2}
   (You bought it in a shop on level 1 of the Depths)

   [ring of magical power]

   It affects your intelligence (+4).
   It affects your accuracy and damage with ranged weapons and melee attacks
   (+2).
   It protects you from fire.
   It affects your magic capacity (+9).
Wands
 Q - a wand of flame (28/48)
Scrolls
 f - 3 scrolls of recharging
 i - 12 scrolls of remove curse
 z - 6 scrolls of teleportation
 B - 5 scrolls of fog
 C - 3 scrolls of blinking
 E - 3 scrolls of fear
 G - 7 scrolls of identify
 J - 3 scrolls of silence
 T - a scroll of magic mapping
 W - a scroll of amnesia
 X - 2 scrolls of holy word
 Z - 4 scrolls of immolation
Potions
 h - 2 potions of berserk rage
 j - 2 potions of haste
 m - 6 potions of might
 o - 11 potions of curing
 p - 3 potions of magic
 r - 4 potions of resistance
 s - a potion of brilliance
 u - a potion of flight
 w - a potion of invisibility
 A - 4 potions of agility
 N - 7 potions of ambrosia
 V - 2 potions of cancellation
Books
 l - a book of Spatial Translocations

   Spells                             Type                      Level
   a - Blink                          Translocation                2
   b - Shroud of Golubria             Charms/Translocation         2
   c - Lesser Beckoning               Translocation                3
   d - Portal Projectile              Translocation                3
   e - Teleport Other                 Translocation                3
   f - Passage of Golubria            Translocation                4
 t - a manual of Ice Magic
 P - a book of the Warp

   Spells                             Type                      Level
   a - Gell's Gravitas                Hexes/Translocation          3
   b - Portal Projectile              Translocation                3
   c - Force Lance                    Conjuration/Translocation    4
   d - Dispersal                      Translocation                6
   e - Controlled Blink               Translocation                8
   f - Disjunction                    Translocation                8
 S - a book of Summonings

   Spells                             Type                      Level
   a - Recall                         Summoning/Translocation      3
   b - Aura of Abjuration             Summoning                    5
   c - Summon Demon                   Summoning                    5
   d - Summon Forest                  Summoning/Translocation      5
   e - Summon Mana Viper              Hexes/Summoning              5
   f - Shadow Creatures               Summoning                    6
Comestibles
 c - 19 bread rations
 x - 13 meat rations
 H - 13 beef jerkies
 L - 44 fruits


   Skills:
 - Level 19.0 Fighting
 - Level 16.3 Maces & Flails
 - Level 13.1 Slings
 - Level 11.2 Armour
 - Level 9.4 Dodging
 - Level 2.1 Stealth
 - Level 4.1 Shields
 - Level 12.3 Spellcasting
 - Level 12.1 Conjurations
 - Level 9.0 Summonings
 + Level 6.4 Translocations
 - Level 22.0 Earth Magic
 - Level 13.0 Invocations


You had 18 spell levels left.
You knew the following spells:

 Your Spells              Type           Power        Failure   Level  Hunger
a - Shatter               Erth           #######...   12%         9    #######
b - Iron Shot             Conj/Erth      #######...   1%          6    ####...
c - Apportation           Tloc           ######....   1%          1    None
d - Aura of Abjuration    Summ           ######....   1%          5    ##.....
e - Controlled Blink      Tloc           N/A          100%        8    #######


Dungeon Overview and Level Annotations

Branches:
Dungeon (15/15)            Temple (0/1) D:6            Lair (6/6) D:10
  Swamp (4/4) Lair:3       Spider (4/4) Lair:2        Slime (5/5) Lair:5
    Orc (2/2) D:11            Elf (3/3) Orc:2        Vaults (4/5) D:13
  Crypt (0/3) Vaults:2     Depths (3/5) D:15

Altars:
Elyvilon
Kikubaaqudgha
Makhleb
Okawaru
Uskayaw
Xom
Yredelemnul
The Shining One
Beogh
Jiyva

Shops:
D:6 *   D:12 (   Orc:2 [*:(   Vaults:1 !   Vaults:2 *[}*:   Depths:1 =}=

Portals:
Hell: Depths:1 Depths:2


Innate Abilities, Weirdness & Mutations

You are resistant to torment.
Your stone body is resilient. (AC +17)
You are immune to poison.
Your large and strong wings let you fly indefinitely.
You resist negative energy. (rN+)
You are resistant to electric shocks. (rElec)
You can survive without breathing.
You are immune to petrification.
You are immune to rotting.
You are partially covered in yellow scales. (AC +2)
You are clumsy. (Dex -2)
Your magical capacity is low. (-10% MP)


Message History

* * * LOW HITPOINT WARNING * * *
The azure jelly closely misses you. The azure jelly hits you.
* * * LOW HITPOINT WARNING * * *
The azure jelly hits you but does no damage.
The azure jelly hits you but does no damage.
The azure jelly hits you.
* * * LOW HITPOINT WARNING * * *
The azure jelly freezes you!! You resist.
* * * LOW HITPOINT WARNING * * *
You block the azure jelly's attack. The azure jelly misses you.
The acid blob spits acid at you. The splash of acid hits you!
You are splashed with acid!
The acid burns!
You resist.
* * * LOW HITPOINT WARNING * * *
The azure jelly jiggles.
The acid blob spits acid at you. The splash of acid hits you! You resist.
* * * LOW HITPOINT WARNING * * *
You are splashed with acid!
The acid burns!
You resist.
You die...

.........#*,,:!....(.,,,,*#........
.........#*,,,,$G...,,,,,##........
..........##,,,*#.(#*,,,##.........
...........##,,,##.#,,,##..........
............##,*#GG#*,##...........
...........G.####.#####............
.................J.................
...............J...................
.................@.................
...................................
..........J........................
...................................
...................................
...................................
...................................
...................................
(..................................


You could see an acid blob, 2 azure jellies, a great orb of eyes and 2 eyes of
devastation.

Vanquished Creatures
  the Royal Jelly (Slime:5)
  Xtahua (Vaults:4)
  Margery (Depths:2)
  Bai Suzhen (Elf:3)
  Saint Roka (D:15)
  The ghost of kitsy2 the Slayer, a veteran MiFi of Okawaru (Slime:4)
  Nikola (Spider:2)
  Jorgrun (Swamp:3)
  A tentacled monstrosity (Vaults:4)
  2 deep elf blademasters (Elf:3)
  23 acid blobs
  A lich (Vaults:2)
  2 deep elf master archers (Elf:3)
  A sphinx (Depths:1)
  A tengu reaver (Vaults:2)
  A shadow dragon (Vaults:2)
  Kirke (D:15)
  3 fire giants
  11 azure jellies
  7 frost giants
  2 ghost moths (Spider:4)
  Aizul (Swamp:4)
  5 emperor scorpions
  18 vault wardens
  3 deep elf sorcerers
  An orc warlord (Orc:2)
  The ghost of
  100101001 the Protected, a journeyman DDFi of Makhleb (D:14)
  A reaper (Vaults:2)
  12 stone giants
  10 ironheart preservers
  14 very ugly things
  A vampire knight (Depths:2)
  3 entropy weavers
  6 deep elf elementalists (Elf:3)
  The ghost of LostInTranslocation the Lord of Darkness, a journeyman DrIE of Kikubaaqudgha (Lair:6)
  5 deep elf demonologists
  5 spark wasps
  7 deep elf annihilators (Elf:3)
  7 ettins
  7 deep elf death magi (Elf:3)
  8 death oozes (Slime:5)
  Erolcha (D:9)
  3 great orbs of eyes
  9 vault guards
  14 yaktaur captains
  Fannar (Lair:1)
  3 deep elf high priests (Elf:3)
  8 fire dragons
  30 hydras
  5 rakshasas
  2 ice dragons (Vaults:2)
  The ghost of Da5id the Epochal, a journeyman GrMo of Cheibriados (D:10)
  2 catoblepae
  A ghost crab (Swamp:2)
  11 centaur warriors
  2 spriggan air magi
  13 ogre magi
  8 death yaks
  7 alligators
  42 two-headed ogres
  4 deep troll shamans
  25 dancing weapons
  3 tengu warriors (Depths:2)
  5 deep troll earth magi
  2 orc high priests
  A spriggan berserker (Depths:2)
  26 deep elf knights
  A spriggan (Swamp:3)
  Nergalle (Orc:2)
  2 iron trolls (Depths:2)
  A spark wasp zombie (Depths:1)
  A large abomination (Elf:3)
  An unseen horror (shapeshifter) (Vaults:1)
  3 unseen horrors
  6 hell knights
  8 deep trolls
  A spriggan druid (Swamp:4)
  3 glowing orange brains
  2 flayed ghosts
  2 shadow wraiths
  3 phantasmal warriors
  17 deep elf archers
  16 ironbrand convokers
  7 wizards
  14 orc knights
  8 harpies
  A shadow dragon zombie (Depths:1)
  10 swamp dragons
  2 shambling mangroves
  An orb spider (shapeshifter) (Vaults:1)
  A lindwurm (Lair:6)
  8 wolf spider zombies (Spider:1)
  3 manticores
  30 wolf spiders
  4 necromancers
  69 deep elf magi
  5 orc sorcerers
  17 orb spiders
  An oklob plant (Lair:5)
  9 shining eyes
  11 elephants (Lair:6)
  50 ugly things
  4 moths of wrath
  4 cyclopes
  A moth of wrath (shapeshifter) (Vaults:2)
  2 guardian serpents (shapeshifter)
  Maurice (Orc:1)
  13 vault sentinels
  2 molten gargoyles (Volcano)
  5 black mambas
  An eye of devastation (Slime:2)
  13 spiny frogs
  8 torpor snails
  4 centaur skeletons
  8 redback zombies (Spider:1)
  2 rime drakes
  A komodo dragon (shapeshifter) (Vaults:4)
  2 kobold demonologists (D:13)
  3 freezing wraiths
  13 demonic crawlers
  A yaktaur (shapeshifter) (Vaults:2)
  2 tengu conjurers
  2 komodo dragons (Lair:2)
  54 yaktaurs
  9 trolls
  34 jumping spiders
  3 meliai (D:13)
  A polar bear (shapeshifter) (Depths:1)
  24 hornets
  9 tyrant leeches
  25 blink frogs
  An iron dragon simulacrum (Depths:1)
  139 slime creatures
  A wind drake (shapeshifter) (Elf:3)
  9 bog bodies
  Grinder (D:4)
  The ghost of Da5id the Chucker, an amateur HuWn (D:4)
  11 hippogriffs
  2 human simulacra (Vaults:3)
  14 tarantella zombies (Spider:1)
  2 shadows
  A vampire (D:11)
  29 tarantellas
  2 water elementals (Elf:2)
  3 air elementals
  61 yaks
  62 redbacks
  4 wyverns
  4 wraiths
  A fire bat (Volcano)
  A fire dragon skeleton (Depths:1)
  4 hogs
  4 golden eyes
  5 basilisks
  A fire elemental (Elf:1)
  2 basilisks (shapeshifter)
  A human (shapeshifter) (Vaults:4)
  2 hungry ghosts (D:11)
  26 vampire mosquitoes
  15 swamp worms
  7 wargs
  2 two-headed ogre zombies (D:11)
  2 soldier ants (D:12)
  3 acid dragons
  21 insubstantial wisps
  A porcupine (shapeshifter) (Vaults:3)
  Duvessa (D:5)
  15 water moccasins
  3 sky beasts
  8 porcupines
  12 swamp drakes
  45 orc warriors
  A tengu skeleton (Depths:1)
  7 eyes of draining
  7 ice beasts
  A black bear (D:6)
  A meliai simulacrum (D:14)
  27 ogres
  10 phantoms
  18 wolves
  2 necrophages
  21 boggarts
  17 centaurs
  10 crocodiles
  2 big kobolds
  A big kobold (shapeshifter) (D:15)
  A gnoll sergeant (D:7)
  A wyvern zombie (D:11)
  8 bullfrogs
  2 earth elementals
  A glowing shapeshifter simulacrum (Vaults:3)
  A scorpion (D:6)
  Dowan (D:5)
  A troll zombie (D:11)
  2 wyvern skeletons (D:11)
  10 killer bees
  5 wights
  A vampire bat (Elf:1)
  A centaur zombie (D:7)
  7 crimson imps
  7 lava snakes (Volcano)
  2 hounds
  2 bullfrog zombies
  A gnoll shaman (D:7)
  2 bullfrog skeletons
  A quasit (D:10)
  20 orc priests
  8 jellies
  28 orc wizards
  3 iguanas
  A hell rat (Lair:2)
  14 worker ants
  5 ogre zombies (D:11)
  A hound skeleton (D:5)
  A howler monkey zombie (D:6)
  3 worker ant zombies
  10 adders
  12 gnolls
  2 river rats (Lair:2)
  2 shadow imps
  18 oozes
  5 worms
  A worm (shapeshifter) (Vaults:3)
  4 leopard geckos
  98 orcs
  4 giant cockroaches
  7 goblins
  3 hobgoblins
  6 jackals (D:3)
  21 kobolds
  7 quokkas
  3 ball pythons
  8 bats
  3 frilled lizards
  A giant cockroach zombie (D:6)
  4 goblin skeletons (D:11)
  2 goblin zombies (D:11)
  8 hobgoblin zombies (D:11)
  A leopard gecko zombie (D:7)
  3 orc skeletons (D:11)
  8 orc zombies (D:11)
  A quokka zombie (D:6)
  10 rats
  A fire vortex (Depths:1)
  A plant (Spider:1)
2028 creatures vanquished.

Vanquished Creatures (collateral kills)
  Mara (Swamp:4)
  An azure jelly (Slime:5)
  6 hydras (Swamp:4)
  A spriggan berserker (Swamp:4)
  2 swamp dragons (Swamp:4)
  3 shambling mangroves (Swamp:4)
  2 spiny frogs (Swamp:4)
  A tyrant leech (Swamp:4)
  2 slime creatures
  2 bog bodies (Swamp:4)
  2 vampire mosquitoes (Swamp:4)
  An insubstantial wisp (Swamp:4)
  2 swamp worms (Swamp:4)
  4 swamp drakes (Swamp:4)
30 creatures vanquished.

Vanquished Creatures (others)
  A fire giant (Vaults:4)
  A shock serpent (shapeshifter) (Elf:2)
  2 deep elf archers
  A cyclops (D:14)
  A yaktaur (Depths:1)
  A water elemental (Elf:1)
  3 humans (D:15)
  A sky beast (D:15)
  A boggart (Vaults:1)
  2 centaurs (Depths:2)
  An orc priest (Depths:1)
  2 orcs (Depths:1)
  A quokka (D:15)
  A bush (Lair:6)
  7 fungi (Lair:5)
  10 plants
36 creatures vanquished.

Grand Total: 2094 creatures vanquished

Notes
Turn   | Place    | Note
-------+----------+-------------------------------------------
     0 | D:1      | Da5id the Gargoyle Monk began the quest for the Orb.
     0 | D:1      | Reached XP level 1. HP: 14/14 MP: 1/1
   279 | D:1      | Reached XP level 2. HP: 12/19 MP: 2/2
  1574 | D:2      | Found a glowing golden altar of the Shining One.
  1596 | D:2      | Reached XP level 3. HP: 22/23 MP: 3/3
  1634 | D:2      | Became a worshipper of the Shining One
  1634 | D:2      | Reached * piety under the Shining One
  1634 | D:2      | Reached ** piety under the Shining One
  1809 | D:2      | Reached XP level 4. HP: 27/28 MP: 4/4
  1820 | D:2      | Reached skill level 5 in Maces & Flails
  2155 | D:3      | You fall through a shaft!
  2169 | D:4      | Reached XP level 5. HP: 26/32 MP: 5/5
  2197 | D:4      | Got a shimmering hunting sling
  2235 | D:4      | Noticed Grinder
  2247 | D:4      | Paralysed by Grinder for 7 turns
  2261 | D:4      | Killed Grinder
  2261 | D:4      | Reached XP level 6. HP: 35/37 MP: 6/6
  2597 | D:4      | Identified the +11 hunting sling of the Unliving {velocity, MR+ Int+4 Dex+2} (You found it on level 4 of the Dungeon)
  3368 | D:2      | Reached XP level 7. HP: 41/41 MP: 7/7
  3378 | D:2      | Reached skill level 1 in Slings
  3380 | D:2      | Found an iron altar of Okawaru.
  4035 | D:4      | Found a basalt altar of Yredelemnul.
  4035 | D:4      | Found an iron altar of Okawaru.
  4134 | D:4      | Found a shimmering altar of Xom.
  4135 | D:4      | Found a burning altar of Makhleb.
  4164 | D:4      | Noticed Da5id's ghost (amateur HuWn)
  4168 | D:4      | Killed Da5id's ghost
  4211 | D:5      | Entered Level 5 of the Dungeon
  4256 | D:5      | Noticed Dowan
  4257 | D:5      | Noticed Duvessa
  4261 | D:5      | Killed Dowan
  4269 | D:5      | Killed Duvessa
  4269 | D:5      | Reached skill level 5 in Slings
  4269 | D:5      | Reached XP level 8. HP: 5/46 MP: 8/8
  4275 | D:5      | Reached *** piety under the Shining One
  5426 | D:6      | Found Girraf's General Store.
  5433 | D:6      | Bought 11 sling bullets for 71 gold pieces
  5574 | D:6      | Found an ancient bone altar of Kikubaaqudgha.
  5577 | D:6      | Found a white marble altar of Elyvilon.
  5580 | D:6      | Found a hide-covered altar of Uskayaw.
  5593 | D:6      | Reached XP level 9. HP: 51/51 MP: 9/9
  5771 | D:6      | Found a staircase to the Ecumenical Temple.
  6071 | D:7      | Reached **** piety under the Shining One
  7687 | D:9      | Reached skill level 10 in Slings
  8132 | D:9      | Noticed Erolcha
  8139 | D:9      | Killed Erolcha
  8139 | D:9      | Reached XP level 10. HP: 56/56 MP: 10/10
  8180 | D:10     | Entered Level 10 of the Dungeon
  8346 | D:10     | Noticed Da5id's ghost (journeyman GrMo)
  8371 | D:10     | Killed Da5id's ghost
  8527 | D:10     | Noticed an unseen horror
  8532 | D:10     | Killed an unseen horror
  8638 | D:10     | Found a staircase to the Lair.
  8654 | D:10     | Reached ***** piety under the Shining One
  8681 | D:10     | Reached XP level 11. HP: 40/60 MP: 11/11
  9042 | D:10     | Noticed a two-headed ogre
  9047 | D:10     | Killed a two-headed ogre
  9346 | D:11     | Noticed an unseen horror
  9352 | D:11     | Killed an unseen horror
  9352 | D:11     | Reached skill level 5 in Fighting
  9688 | D:11     | Reached ****** piety under the Shining One
  9798 | D:11     | Found a staircase to the Orcish Mines.
  9950 | D:11     | Found a portal to a secret trove of treasure.
 10023 | D:11     | Reached skill level 5 in Armour
 10445 | D:11     | Reached skill level 5 in Dodging
 10546 | D:11     | Noticed an orc knight
 10555 | D:11     | Killed an orc knight
 10814 | D:12     | Reached XP level 12. HP: 68/71 MP: 12/12
 10878 | D:12     | Noticed a two-headed ogre
 10883 | D:12     | Killed a two-headed ogre
 10893 | D:12     | Found Qiuli's Antique Weapon Shoppe.
 10951 | D:12     | Noticed an eight-headed hydra
 10958 | D:12     | Killed an eight-headed hydra
 11400 | D:12     | Noticed a two-headed ogre
 11406 | D:12     | Killed a two-headed ogre
 11406 | D:12     | Reached skill level 1 in Invocations
 11412 | D:12     | Noticed a two-headed ogre
 11427 | D:12     | Killed a two-headed ogre
 11735 | D:13     | Noticed a two-headed ogre
 11738 | D:13     | Noticed a two-headed ogre
 11745 | D:13     | Noticed an ogre mage
 11746 | D:13     | Killed a two-headed ogre
 11751 | D:13     | Killed a two-headed ogre
 11758 | D:13     | Noticed a soul eater
 11769 | D:13     | Killed an ogre mage
 11796 | D:13     | Found a gate to the Vaults.
 12245 | D:13     | Reached XP level 13. HP: 74/79 MP: 16/16
 12335 | D:13     | Gained mutation: You evolve. [potion of beneficial mutation]
 12470 | Lair:1   | Entered Level 1 of the Lair of Beasts
 12502 | Lair:1   | Gained mutation: You are partially covered in yellow scales. (AC +2) [evolution]
 12640 | Lair:1   | Noticed Fannar
 12651 | Lair:1   | Killed Fannar
 13528 | Lair:1   | Reached skill level 5 in Invocations
 13912 | Lair:2   | Found a hole to the Spider Nest.
 14054 | Lair:2   | Reached skill level 10 in Maces & Flails
 14584 | Lair:3   | Found a staircase to the Swamp.
 14829 | Lair:3   | Found a dark tunnel.
 14838 | Volcano  | Entered a volcano
 15087 | Volcano  | Found a radiant altar of Vehumet.
 15869 | Lair:3   | Reached skill level 10 in Fighting
 16416 | Lair:4   | Gained mutation: Your large and strong wings let you fly indefinitely. [Gargoyle growth]
 16416 | Lair:4   | Reached XP level 14. HP: 88/88 MP: 18/18
 16642 | Lair:4   | Lost mutation: You evolve. [end of evolution]
 17453 | Lair:6   | Entered Level 6 of the Lair of Beasts
 18137 | Lair:5   | Reached skill level 10 in Armour
 18444 | Lair:5   | Found a runed door.
 18444 | Lair:5   | Found a viscous altar of Jiyva.
 18445 | Lair:5   | Found a staircase to the Slime Pits.
 19057 | Lair:6   | Noticed LostInTranslocation's ghost (journeyman DrIE)
 19078 | Lair:6   | Killed LostInTranslocation's ghost
 19413 | Lair:6   | Reached XP level 15. HP: 95/95 MP: 21/21
 19457 | Lair:6   | Found a runed door.
 19887 | Lair:6   | Identified 2 scrolls of acquirement
 20097 | Orc:1    | Entered Level 1 of the Orcish Mines
 20358 | Orc:1    | Noticed Maurice
 20376 | Orc:1    | Killed Maurice
 20725 | Orc:2    | Entered Level 2 of the Orcish Mines
 20826 | Orc:2    | Noticed Nergalle
 21198 | Orc:2    | Killed Nergalle
 21203 | Orc:2    | Paralysed by an orc sorcerer for 4 turns
 21980 | Orc:2    | Noticed an orc warlord
 22001 | Orc:2    | Killed an orc warlord
 22308 | Orc:2    | Found a roughly hewn altar of Beogh.
 22365 | Orc:2    | Found Takhyit's Antique Weapon Shop.
 22374 | Orc:2    | Found Kuem's Book Shop.
 22390 | Orc:2    | Found Yseemp's Antique Armour Shop.
 22405 | Orc:2    | Found Qoanuet's General Store.
 22420 | Orc:2    | Bought a faintly glowing morningstar for 297 gold pieces
 22591 | Orc:2    | Bought the +3 warlock's mirror {reflect} for 769 gold pieces
 22618 | Orc:2    | Found a staircase to the Elven Halls.
 22864 | Orc:2    | Identified the +1 morningstar of the Present {flame, rF+ rN++ Dex+3} (You bought it in a shop on level 2 of the Orcish Mines)
 22878 | Orc:1    | Reached skill level 1 in Shields
 23467 | D:14     | Noticed 100101001's ghost (journeyman DDFi)
 23526 | D:14     | Killed 100101001's ghost
 23562 | D:14     | Reached skill level 10 in Invocations
 24211 | D:14     | Found a roughly hewn altar of Beogh.
 24283 | D:15     | Entered Level 15 of the Dungeon
 24394 | D:15     | Noticed Kirke
 24407 | D:15     | Killed Kirke
 24407 | D:15     | Reached XP level 16. HP: 83/101 MP: 24/24
 24550 | D:15     | Found a staircase to the Depths.
 24906 | D:15     | Found a white marble altar of Elyvilon.
 25488 | Swamp:1  | Entered Level 1 of the Swamp
 26697 | Swamp:2  | You are sucked into a shaft!
 26895 | Swamp:3  | Noticed Jorgrun
 26912 | Swamp:3  | Killed Jorgrun
 27353 | Swamp:3  | Learned a level 9 spell: Shatter
 27408 | Swamp:3  | Reached skill level 1 in Earth Magic
 27458 | Swamp:3  | Reached skill level 2 in Earth Magic
 27593 | Swamp:3  | Reached skill level 3 in Earth Magic
 27868 | Swamp:4  | Entered Level 4 of the Swamp
 27934 | Swamp:4  | Reached skill level 4 in Earth Magic
 27996 | Swamp:4  | Got an ancient robe
 28019 | Swamp:4  | Identified the +2 robe "Ucubuck" {Dex+4} (You found it on level 4 of the Swamp)
 28029 | Swamp:4  | Noticed Aizul
 28052 | Swamp:4  | Killed Aizul
 28055 | Swamp:4  | Reached skill level 5 in Earth Magic
 28055 | Swamp:4  | Reached XP level 17. HP: 38/108 MP: 26/26
 28221 | Swamp:4  | Reached skill level 6 in Earth Magic
 28396 | Swamp:4  | Noticed Mara
 28406 | Swamp:4  | Noticed Da5id's illusion
 28412 | Swamp:4  | Killed Mara
 28412 | Swamp:4  | Reached skill level 7 in Earth Magic
 28879 | Swamp:4  | Reached skill level 8 in Earth Magic
 29141 | Swamp:4  | Got a decaying rune of Zot
 29704 | D:11     | You paid a toll of a +4 demon blade to enter a treasure trove
 29705 | Trove    | Entered a treasure trove
 29713 | Trove    | Got a faintly glowing eveningstar
 29735 | Trove    | Identified the +9 eveningstar of Riw Xugu {protect, rC+ MR+ Int+4} (You found it in a treasure trove)
 29762 | Trove    | Got a flickering brass ring
 29764 | Trove    | Got a warped robe
 29775 | Trove    | Identified the +4 robe "Vozeyfu" {Int+2} (You found it in a treasure trove)
 29780 | Trove    | Identified the ring of the Lonely Demons {rF+ MP+9 Str+7} (You found it in a treasure trove)
 29785 | Trove    | Got a slimy amethyst amulet
 29786 | Trove    | Identified the amulet "Ytadojug" {+Rage rElec MP+9 Str+4 Dex+3} (You found it in a treasure trove)
 29803 | Trove    | Got a crude long sword
 29934 | Spider:1 | Entered Level 1 of the Spider Nest
 29949 | Spider:1 | Reached skill level 15 in Maces & Flails
 30630 | Spider:2 | Noticed Nikola
 30645 | Spider:2 | Killed Nikola
 31213 | Spider:3 | Reached skill level 1 in Spellcasting
 31236 | Spider:2 | Reached skill level 9 in Earth Magic
 31236 | Spider:2 | Reached XP level 18. HP: 46/113 MP: 27/27
 32002 | Spider:3 | Reached skill level 10 in Earth Magic
 32752 | Spider:4 | Entered Level 4 of the Spider Nest
 33113 | Spider:4 | Reached skill level 5 in Spellcasting
 33207 | Spider:4 | Reached skill level 11 in Earth Magic
 34120 | Spider:4 | Reached skill level 12 in Earth Magic
 34791 | Spider:4 | Got a gossamer rune of Zot
 34971 | Spider:1 | Learned a level 6 spell: Iron Shot
 35147 | Vaults:1 | Entered Level 1 of the Vaults
 35235 | Vaults:1 | Reached skill level 13 in Earth Magic
 35997 | Vaults:1 | Reached XP level 19. HP: 118/118 MP: 29/29
 36173 | Vaults:1 | Reached skill level 14 in Earth Magic
 36527 | Vaults:1 | Reached skill level 15 in Earth Magic
 36858 | Vaults:1 | Found Affisuf's Distillery.
 37110 | Vaults:1 | Reached skill level 16 in Earth Magic
 38463 | Vaults:1 | Reached skill level 1 in Conjurations
 38571 | Vaults:2 | Got a heavily runed ring mail
 38582 | Vaults:2 | Identified the +3 ring mail "Ethouh" {MR+} (You found it on level 2 of the Vaults)
 38613 | Vaults:2 | Found Issiad's Gadget Boutique.
 38680 | Vaults:2 | Found Yheryomm's Assorted Antiques.
 38767 | Vaults:2 | Found Numahee's Armour Shop.
 38784 | Vaults:2 | Bought the +3 crown of Dyrovepreva {rElec Int+2 SInv} for 828 gold pieces
 38910 | Vaults:2 | Reached skill level 5 in Conjurations
 39321 | Vaults:2 | Reached XP level 20. HP: 124/124 MP: 30/30
 39351 | Vaults:2 | Got a crude quarterstaff {flame}
 39743 | Vaults:2 | Reached skill level 10 in Conjurations
 40880 | Vaults:2 | Found Osofrut's Book Boutique.
 40883 | Vaults:2 | Found Qenn's Assorted Antiques.
 40891 | Vaults:2 | Bought a potion of heal wounds for 125 gold pieces
 41393 | Vaults:2 | Found a staircase to the Crypt.
 41393 | Vaults:2 | Found an ancient bone altar of Kikubaaqudgha.
 41394 | Vaults:2 | Found a basalt altar of Yredelemnul.
 42458 | Vaults:3 | Reached skill level 17 in Earth Magic
 42644 | Vaults:3 | Noticed a lich
 42995 | Vaults:3 | Reached XP level 21. HP: 127/132 MP: 31/31
 43445 | Vaults:4 | Reached skill level 18 in Earth Magic
 44007 | Vaults:4 | Noticed Xtahua
 44029 | Vaults:4 | Killed Xtahua
 44326 | Vaults:4 | Reached skill level 19 in Earth Magic
 45975 | Vaults:1 | Reached skill level 20 in Earth Magic
 46165 | Depths:1 | Entered Level 1 of the Depths
 46171 | Depths:1 | Noticed Saint Roka
 47600 | D:15     | Killed Saint Roka
 47986 | Depths:1 | Reached skill level 21 in Earth Magic
 48326 | Depths:1 | Reached XP level 22. HP: 138/138 MP: 32/32
 49357 | Depths:1 | Found a glowing golden altar of the Shining One.
 49432 | Depths:1 | Found Busk's Gadget Boutique.
 49433 | Depths:1 | Found Bajan's Jewellery Emporium.
 49433 | Depths:1 | Found Bevakum's Jewellery Emporium.
 49439 | Depths:1 | Bought the ring "Ojenlouw" {rF+ MP+9 Int+4 Slay+2} for 660 gold pieces
 49715 | Depths:1 | Reached skill level 22 in Earth Magic
 49746 | Depths:1 | Found a gateway to Hell.
 50624 | Depths:2 | Noticed Margery
 50641 | Depths:2 | Killed Margery
 51380 | Depths:2 | Got an opalescent robe
 51466 | Depths:2 | Identified the cursed +1 robe "Tesuerao" {Regen+ Int+2} (You found it on level 2 of the Depths)
 51902 | Depths:2 | Reached skill level 10 in Spellcasting
 51988 | Depths:2 | HP: 4/138 [death yak[a spriggan berserker] (16)]
 53269 | Elf:1    | Entered Level 1 of the Elven Halls
 53811 | Elf:1    | Reached skill level 15 in Fighting
 54154 | Elf:1    | Identified Ijoehoqe's Reference Book on Transformation
 54377 | Elf:2    | Found a runed gate.
 54378 | Elf:2    | Found a runed gate.
 54393 | Elf:2    | Reached XP level 23. HP: 138/146 MP: 37/37
 54402 | Elf:2    | Found a runed gate.
 55274 | Elf:3    | Entered Level 3 of the Elven Halls
 55420 | Elf:3    | Learned a level 1 spell: Apportation
 55592 | Elf:3    | Noticed Bai Suzhen
 55606 | Elf:3    | Killed Bai Suzhen
 56491 | Elf:3    | Got a bone halberd {chop}
 56547 | Elf:3    | Got a twisted mace {flame}
 57449 | Elf:3    | Got a shimmering ring mail
 57460 | Elf:3    | Identified the cursed +1 ring mail of Cumuin {Int+2} (You took it off a deep elf blademaster on level 3 of the Elven Halls)
 57534 | Elf:3    | Got a bound graven amulet
 57535 | Elf:3    | Identified the amulet of Baixab {Inacc *Slow rPois rN+++} (You found it on level 3 of the Elven Halls)
 57539 | Elf:3    | Identified Vehumet's Incunabulum of Attacks
 57956 | Depths:1 | Bought the amulet of Gainasiwn {Gourm rF++} for 872 gold pieces
 58482 | Elf:3    | Learned a level 5 spell: Aura of Abjuration
 58738 | Vaults:2 | Bought a book of the Warp for 1530 gold pieces
 58747 | Vaults:2 | Learned a level 8 spell: Controlled Blink
 59034 | Slime:1  | Entered Level 1 of the Pits of Slime
 59794 | Slime:1  | Reached XP level 24. HP: 138/160 MP: 39/39
 59975 | Slime:1  | Reached skill level 1 in Summonings
 60959 | Slime:3  | Reached skill level 5 in Summonings
 60965 | Slime:3  | Gained mutation: You are clumsy. (Dex -2) [a shining eye]
 61522 | Slime:4  | Gained mutation: Your magical capacity is low. (-10% MP) [a shining eye]
 61683 | Slime:4  | Noticed kitsy2's ghost (veteran MiFi)
 61858 | Slime:4  | Killed kitsy2's ghost
 62354 | Slime:5  | Entered Level 5 of the Pits of Slime
 62665 | Slime:5  | Reached skill level 1 in Translocations
 63328 | Slime:5  | Noticed the Royal Jelly
 63387 | Slime:5  | Killed the Royal Jelly
 63387 | Slime:5  | Reached skill level 5 in Translocations
 63793 | Slime:5  | HP: 4/160 [acid blob/splash of acid[the Royal Jelly] (5)]
 63793 | Slime:5  | Splashed by an acid blob's acid

Vault maps used:
D:1:      zelgadis_glass_arrival_small, serial_glass, glass_columns_a,
          glass_columns_a, minmay_close_crescents
D:2:      overflow_temple_1_default, okawaru_altar_gauntlet_db
D:3:      first_bread
D:4:      grunt_temple_overflow_champion_of_chaos,
          gammafunk_temple_overflow_elements, kennysheep_generic_room_10,
          uniq_grinder
D:5:      columned_hall_lemuel, uniq_duvessa
D:6:      grunt_temple_overflow_open, serial_shops, shop_fountains,
          serial_park_tiny_pond
D:9:      uniq_erolcha
D:10:     lair_entry_dummy
D:11:     zombieorc2_lemuel, enter_trove_6
D:12:     serial_shops, shop, hangedman_pestilent_swarm
D:13:     david_vaults_2
D:14:     minmay_misc_feat_iff, special_room
D:15:     grunt_enter_depths_snipers, elyvilon_altar_4, grunt_decor_clamped,
          dk_noncrumbling_3, uniq_kirke
Lair:1:   uniq_fannar
Lair:2:   spider_nest_entry_web_field, kennysheep_abandoned_house,
          grunt_megastairs_5
Lair:3:   swamp_mist, nicolae_volcano_entry_hallway, lemuel_fruit_tree
Lair:4:   grunt_megastairs_1
Lair:5:   lemuel_slime, slime_altar_2
Lair:6:   wormcave, serial_bayou_crossing
Swamp:1:  evilmike_swamp_ruin_house_2
Swamp:2:  hangedman_swamp_cone
Swamp:3:  evilmike_swamp_ruin_house_4, uniq_jorgrun
Swamp:4:  swamp_basic_johnstein, swamp_pool4, uniq_mara, uniq_aizul
Spider:1: lemuel_spider_zombies
Spider:2: spider_trap, uniq_nikola
Spider:3: nicolae_spider_webs_and_nodes
Spider:4: grunt_spider_rune_parallel
Slime:3:  cheibrodos_slime_lost_civilization_5
Orc:1:    guppyfry_library_mini, uniq_maurice
Orc:2:    grunt_orc_cross
Elf:1:    eino_elf_arrival_sip, hangedman_elf_disciples,
          hangedman_research_metamorphosis
Elf:2:    st_stairs_10
Elf:3:    grunt_elf_hall_branching, minivault_25_ag, grunt_ministairs_7,
          uniq_bai_suzhen
Vaults:1: v_misc_28, nicolae_vaults_border_crossing, v_misc_28, v_misc_18,
          dpeg_vaults_monster_box, nicolae_vaults_alarming, vaults_room_pools,
          vaults_dpeg_diagonal, st_lattice, serial_shops, nicolae_shop_stone
Vaults:2: nicolae_vaults_angled_halls, nicolae_vaults_puzzle_piece,
          minmay_guarded_unrand_secular_launcher, vaults_room_ringed_pool,
          v_misc_3, vaults_mumra_lcd, vaults_mumra_minichess_inversion,
          grunt_vaults_hallway_long, nicolae_vaults_little_squares_1, v_misc_15,
          nicolae_vaults_mini_display_case, v_misc_24,
          nicolae_vaults_little_squares_2, v_rooms_2,
          minmay_crypt_entry_necro_gods, v_misc_2, vaults_dpeg_hooks,
          serial_shops, nicolae_shop_stone, shop, shop, shop, shop
Vaults:3: hangedman_vaults_hat, vaults_room_boxed, vaults_room_corners,
          nicolae_vaults_network_periphery, vaults_room_grid,
          vaults_room_door_ring, hangedman_vaults_river_flow, v_misc_30,
          nicolae_vaults_bisected_slash, grunt_vaults_diagonal,
          grunt_vaults_hallway_long, nicolae_vaults_little_squares_5
Vaults:4: grunt_vaults_bifocal, nicolae_vaults_yaktaur_gun_rack, v_misc_15,
          hangedman_vaults_trim, nicolae_vaults_little_squares_4,
          nicolae_vaults_specimen_jars, grunt_vaults_hallway_long, v_misc_18,
          v_pattern_2, v_misc_29, vaults_dpeg_cross, uniq_xtahua
Depths:1: pf_coc_iceberg, tso_altar, hangedman_corner_corridor,
          minmay_shop_grove, infiniplex_staircase_pool_lava, uniq_saint_roka
Depths:2: nicolae_whirlpool, mu_enter_wizlab_2, minmay_misc_feat_secret_circle,
          serial_column_ruins, column_ruins_hut_pillars, column_ruins_grid_1,
          column_ruins_corridor_dead_end, column_ruins_columns_straight,
          grunt_metal_band, infiniplex_staircase_pool_2
Depths:3: grunt_forest_end_chambers, rand_demon_pan_entry_8, serial_glass,
          glass_columns_c, glass_columns_a, hell_entry, aerie_lemuel
Trove:    trove_simple
Volcano:  volcano_lake

Skill      XL: |  1  2  3  4  5  6  7  8  9 10 11 12 13 14 15 16 17 18 19 20 21 22 23 24 |
---------------+-------------------------------------------------------------------------+-----
Maces & Flails | 4 5 7 9 10 11 12 13 16 | 16.3
Slings         | 5 7 11 13 | 13.1
Fighting       | 6 8 10 11 12 14 15 19 | 19.0
Armour         | 5 7 9 10 11 | 11.2
Dodging        | 5 6 7 8 9 |  9.4
Invocations    | 4 6 8 11 13 | 13.0
Shields        | 4 |  4.1
Earth Magic    | 5 9 13 16 17 21 22 | 22.0
Spellcasting   | 1 7 10 12 | 12.3
Conjurations   | 8 12 | 12.1
Summonings     | 9 |  9.0
Translocations | 6 |  6.4
Stealth        | |  2.1

Action                   |  1- 3 |  4- 6 |  7- 9 | 10-12 | 13-15 | 16-18 | 19-21 | 22-24 || total
-------------------------+-------+-------+-------+-------+-------+-------+-------+-------++-------
Melee: Mace              |    79 |    65 |       |       |       |       |       |       ||   144
       Flail             |       |    31 |       |       |       |       |       |       ||    31
       Eveningstar       |       |       |       |       |       |   110 |  1353 |  1201 ||  2664
 Fire: Hunting sling     |       |    22 |   278 |   593 |  1725 |  1978 |   702 |   530 ||  5828
Throw: Stone             |       |       |       |       |       |    80 |       |       ||    80
Invok: Cleansing Flame   |       |       |       |       |     1 |     3 |       |    33 ||    37
       Divine Shield     |       |       |       |       |     1 |     1 |       |     3 ||     5
       Summon Divine War |       |       |       |       |       |     2 |       |     4 ||     6
 Abil: Fly               |       |       |       |       |     1 |       |       |       ||     1
  Use: Scroll            |       |       |       |     1 |    33 |    15 |     4 |    12 ||    65
       Potion            |       |       |       |       |     7 |     5 |     4 |     5 ||    21
 Stab: Sleeping          |     2 |       |       |       |       |       |       |       ||     2
       Distracted        |     1 |       |       |       |       |       |       |       ||     1
  Eat: Chunk             |     3 |     4 |    14 |    13 |    22 |    12 |    21 |    25 ||   114
       Pizza             |       |       |       |     1 |     4 |       |       |     2 ||     7
       Royal jelly       |       |       |       |     1 |       |    10 |       |       ||    11
       Fruit             |       |       |       |       |     2 |       |       |       ||     2
       Meat ration       |       |       |       |       |     1 |       |     4 |     4 ||     9
       Beef jerky        |       |       |       |       |       |     1 |       |     3 ||     4
Armor: Robe              |    14 |       |       |       |       |   213 |       |       ||   227
       Scale mail        |     8 |    62 |    14 |       |       |       |       |       ||    84
       Chain mail        |       |       |    23 |   116 |    70 |       |       |       ||   209
       Fire dragon scale |       |       |       |       |   172 |   347 |   229 |     3 ||   751
       Ring mail         |       |       |       |       |       |       |   741 |   629 ||  1370
       Acid dragon scale |       |       |       |       |       |       |       |   168 ||   168
       Skin              |       |       |       |       |       |       |       |     1 ||     1
Dodge: Dodged            |    66 |    69 |    31 |    67 |   464 |   802 |  1091 |   689 ||  3279
Block: Other             |       |       |       |       |     6 |       |       |       ||     6
       Buckler           |       |       |       |       |    26 |   447 |   681 |   474 ||  1628
       Reflection        |       |       |       |       |     6 |    18 |    56 |    61 ||   141
